 Dungeon Crawl Stone Soup version 0.30-a0-862-g1aabd4f9c5 (webtiles) character file.

Game seed: 6982083441534324692

681 IdlyInterested the Slasher (level 7, -2/50 HPs)
             Began as a Demonspawn Gladiator on Mar 9, 2023.
             Slain by a troll (9 damage)
             ... on level 8 of the Dungeon.
             The game lasted 00:13:59 (3544 turns).

IdlyInterested the Slasher (Demonspawn Gladiator)   Turns: 3544, Time: 00:14:00

Health: -2/50      AC:  9    Str: 14    XL:     7   Next: 34%
Magic:  8/8        EV: 10    Int:  9    God:
Gold:   225        SH: 13    Dex: 17    Spells: 8/8 levels left

rFire   . . .      SeeInvis .    a - +0 long sword
rCold   . . .      Faith    .    k - +2 kite shield
rNeg    . . .      Spirit   .    b - +1 leather armour
rPois   .          Reflect  .    c - +0 helmet
rElec   .          Rampage  .    s - +1 cloak {Stlth+}
rCorr   .                        i - +0 pair of gloves
Will    .....                    j - +0 pair of boots
Stlth   +++                      (no amulet)
HPRegen 0.28/turn                (no ring)
MPRegen 0.11/turn                (no ring)

@: no status effects
A: large bone plates 1, powered by death 2, demonic magic 2
a: no special abilities


You were on level 8 of the Dungeon.
You visited 1 branch of the dungeon, and saw 6 of its levels.

You collected 225 gold pieces.

Inventory:

Hand Weapons
 a - a +0 long sword (weapon)
 o - a +4 short sword
 q - a +1 dagger of venom
Missiles
 d - 3 throwing nets
 e - 5 javelins
 g - 58 stones (quivered)
 m - 2 boomerangs
 C - 5 curare-tipped darts
Armour
 b - a +1 leather armour (worn)
 c - a +0 helmet (worn)
 i - a +0 pair of gloves (worn)
 j - a +0 pair of boots (worn)
 k - a +2 kite shield (worn)
 s - a +1 cloak of stealth (worn)
 y - a +1 hat
 A - a +2 scale mail of cold resistance
Wands
 B - a wand of mindburst (14)
Scrolls
 n - 3 scrolls of magic mapping
 u - a scroll of silence
 z - a scroll of identify
Potions
 f - 2 potions of lignification
 h - 4 potions of curing
 l - a potion of mutation
 p - a potion of attraction {unknown}
 r - a potion of haste {unknown}
 t - 2 potions of degeneration {unknown}
 v - 2 potions of brilliance {unknown}
 w - a potion of flight {unknown}
 x - a potion of ambrosia {unknown}


   Skills:
 - Level 2.0 Fighting
 * Level 7.2 Long Blades
 - Level 2.0 Throwing
 + Level 1.1 Armour
 - Level 3.0 Dodging
 - Level 1.0 Stealth
 - Level 1.0 Spellcasting
 - Level 1.0 Evocations


You had 8 spell levels left.
You didn't know any spells.
Your spell library contained the following spells:

 Spells                   Type           Power      Damage    Failure   Level
 Apportation              Tloc           0%         N/A       86%         1
 Cigotuvi's Dreadful Rot  Necr/Pois/Air  0%         N/A       94%         2
 Lesser Beckoning         Tloc           0%         N/A       94%         2
 Poisonous Vapours        Pois/Air       0%         N/A       94%         2
 Dazzling Flash           Conj/Hex       0%         N/A       99%         3
 Gell's Gravitas          Tloc           0%         N/A       99%         3
 Hailstorm                Conj/Ice       0%         3d3       99%         3
 Mephitic Cloud           Conj/Pois/Air  0%         N/A       99%         3
 Teleport Other           Tloc           0%         N/A       99%         3
 Ice Form                 Ice/Tmut       0%         N/A       100%        4
 Iskenderun's Mystic Bla  Conj/Tloc      0%         2d3       100%        4
 Alistair's Intoxication  Tmut/Pois      0%         N/A       100%        5
 Simulacrum               Ice/Necr       0%         N/A       100%        6
 Starburst                Conj/Fire      0%         6d3       100%        6


Dungeon Overview and Level Annotations

Branches:
Dungeon (5/15)
 Temple: D:4-7

Altars:
Ashenzari
Qazlal
Ru


Innate Abilities, Weirdness & Mutations

You are partially covered in large bone plates. (SH +4)
You regenerate health from kills.
Spells you cast may paralyse nearby enemies.


Message History

The boulder beetle stops rolling and uncurls.
A tarantella comes into view.
The centaur warrior shoots an arrow.
You block the arrow. The basilisk gazes at you.
You are slowing down.
The centaur warrior shoots an arrow.
You block the arrow.
Your limbs are stiffening.
The centaur warrior shoots an arrow.
The arrow barely misses you.
You hear a shout!
You have turned to stone.
The boulder beetle curls into a ball and begins rolling!
The centaur warrior unwields a +0 shortbow.
The centaur warrior completely misses you.
The centaur warrior kicks you but does no damage.
The centaur warrior hits you!
The centaur warrior kicks you but does no damage.
The centaur warrior hits you but does no damage.
The centaur warrior kicks you but does no damage.
The centaur warrior hits you!
* * * LOW HITPOINT WARNING * * *
The centaur warrior completely misses you.
The centaur warrior hits you but does no damage.
The centaur warrior kicks you but does no damage.
The basilisk bites you.
* * * LOW HITPOINT WARNING * * *
The centaur warrior hits you.
* * * LOW HITPOINT WARNING * * *
The centaur warrior kicks you but does no damage.
The basilisk bites you but does no damage.
You turn to flesh and can move again.
Unknown command.
You closely miss the troll. You block the centaur warrior's attack.
The centaur warrior kicks you but does no damage.
The centaur warrior hits you.
* * * LOW HITPOINT WARNING * * *
You block the centaur warrior's attack.
The basilisk bites you but does no damage.
The boulder beetle stops rolling and uncurls.
You block the troll's attack. The troll claws you!
You die...

#.#..........
#.#....#....#
#...........#
#...##......#
#...##......# ..
#..○.......}# ...
#°#....######....
####c○..............
#..@lB.......###....
#...T......#.....###
#...............###.
########.##.#...###.
#.............
#....#....#...
#...........##
..........####
.....)........


You could see a boulder beetle, a centaur warrior, a troll and a basilisk.

Vanquished Creatures
  Sigmund (D:3)
  A black bear (D:4)
  An ice beast (D:4)
  A scorpion (D:4)
  2 jellies (D:4)
  Crazy Yiuf (D:2)
  Jessica (D:3)
  An iguana (D:5)
  Terence (D:3)
  7 adders
  A worm (D:2)
  2 dart slugs
  An orc (D:3)
  10 ball pythons
  6 endoplasms
  3 giant cockroaches
  5 goblins
  4 hobgoblins
  6 kobolds
  6 bats
  8 frilled lizards
  7 rats
  2 bushes (D:1)
78 creatures vanquished.

Notes
Turn   | Place    | Note
-------+----------+-------------------------------------------
     0 | D:1      | IdlyInterested the Demonspawn Gladiator began the quest for
                  | the Orb.
     0 | D:1      | Reached XP level 1. HP: 16/16 MP: 1/1
    86 | D:1      | Reached skill level 1 in Stealth
   134 | D:1      | Gained mutation: You are partially covered in large bone
                  | plates. (SH +4) [demonic ancestry]
   134 | D:1      | Reached XP level 2. HP: 22/22 MP: 2/2
   250 | D:1      | Reached skill level 3 in Long Blades
   371 | D:1      | Reached skill level 1 in Armour
  1202 | D:2      | Gained mutation: You regenerate a little health from kills.
                  | [demonic ancestry]
  1202 | D:2      | Reached XP level 3. HP: 27/27 MP: 3/3
  1285 | D:2      | Found a runed translucent door.
  1286 | D:2      | Noticed Crazy Yiuf
  1706 | D:2      | Killed Crazy Yiuf
  1707 | D:2      | Reached skill level 4 in Long Blades
  1707 | D:2      | Gained mutation: You regenerate health from kills. [demonic
                  | ancestry]
  1707 | D:2      | Reached XP level 4. HP: 31/33 MP: 4/4
  1847 | D:3      | Found a stormy altar of Qazlal.
  1925 | D:3      | Noticed Terence
  1941 | D:3      | Killed Terence
  1964 | D:3      | Noticed Jessica
  1971 | D:3      | Killed Jessica
  1971 | D:3      | Noticed Sigmund
  1987 | D:3      | Killed Sigmund
  1988 | D:3      | Reached skill level 5 in Long Blades
  1988 | D:3      | Reached XP level 5. HP: 23/38 MP: 5/5
  1988 | D:3      | Gained mutation: Spells you cast may paralyse adjacent
                  | enemies. [demonic ancestry]
  1988 | D:3      | Reached XP level 6. HP: 27/44 MP: 6/6
  2301 | D:3      | Found a broken altar of Ashenzari.
  2312 | D:3      | Found a sacrificial altar of Ru.
  2406 | D:3      | Reached skill level 6 in Long Blades
  2618 | D:4      | Noticed an ice beast
  2632 | D:4      | Killed an ice beast
  2948 | D:4      | Reached skill level 1 in Spellcasting
  2948 | D:4      | Gained mutation: Spells you cast may paralyse nearby
                  | enemies. [demonic ancestry]
  2948 | D:4      | Reached XP level 7. HP: 31/50 MP: 8/8
  3079 | D:4      | Reached skill level 7 in Long Blades
  3079 | D:4      | Reached skill level 1 in Evocations
  3303 | D:5      | Entered Level 5 of the Dungeon
  3490 | D:5      | You fall into a shaft and drop 3 floors!
  3525 | D:8      | Noticed a boulder beetle
  3525 | D:8      | Noticed a basilisk
  3525 | D:8      | Noticed a troll
  3528 | D:8      | Noticed a centaur warrior
  3534 | D:8      | Noticed a tarantella
  3544 | D:8      | Slain by a troll

Illustrated notes

Levels and vault maps discovered:
D:1:      dpeg_arrival_orchard, layout_loops_ring, serial_forest,
          infiniplex_forest_end_3, infiniplex_forest_end_double,
          infiniplex_forest_corner_1, infiniplex_forest_corner_1,
          infiniplex_forest_clump_cross, infiniplex_forest_fountain,
          infiniplex_forest_zigzag_1
D:2:      layout_loops_ring, serial_bayou_lagoon_a, uniq_crazy_yiuf_cottage
D:3:      layout_basic, grunt_qazlal_sundering, amethyst_overflow_temple_binary,
          uniq_terence, uniq_jessica, uniq_sigmund
D:4:      layout_basic
D:5:      wander_river, layout_rooms, dk_yredelemnul_ordeal
D:8:      minmay_cut_squares, layout_rooms

Skill      XL: |  1  2  3  4  5  6  7 |
---------------+----------------------+-----
Stealth        | 1 |  1.0
Long Blades    | 3 4 5 6 7 |  7.2
Armour         | 1 |  1.1
Dodging        | 3 |  3.0
Throwing       | 2 |  2.0
Spellcasting   | 1 |  1.0
Evocations     | 1 |  1.0
Fighting       | |  2.0

Action                     |  1- 3 |  4- 6 |  7- 9 || total
---------------------------+-------+-------+-------++-------
  Melee: Long sword        |   259 |   141 |    62 ||   462
    Use: Scroll            |     4 |     5 |       ||     9
         Potion            |     1 |     3 |       ||     4
   Stab: Sleeping          |     3 |     2 |     2 ||     7
 Armour: Leather armour    |    17 |    16 |    28 ||    61
         Scale mail        |       |    38 |       ||    38
  Dodge: Dodged            |    46 |    35 |    28 ||   109
  Block: Kite shield       |    37 |   103 |    51 ||   191
         Other             |     1 |       |       ||     1

Table legend: (Time is in decaauts)
 A = Elapsed time spent in this place.
 B = Non-inter-level travel time spent in this place.
 C = Inter-level travel time spent in this place.
 D = Time resting spent in this place.
 E = Time spent auto-exploring this place.
 F = Levels seen in this place.
 G = Mean time per level.
                   A        B        C        D        E       F      G
               +--------+--------+--------+--------+--------+-----+--------+
         Total |   3720 |   3268 |    452 |    166 |   1647 |   6 |  620.0 |
       Dungeon |   3720 |   3268 |    452 |    166 |   1647 |   6 |  620.0 |
               +--------+--------+--------+--------+--------+-----+--------+

Top non-repeatable levels by time:
     D:1: 1068 daAuts
     D:2: 870 daAuts
     D:4: 845 daAuts
     D:3: 787 daAuts
     D:5: 93 daAuts
     D:8: 54 daAuts
